 Dungeon Crawl Stone Soup version 0.31-a0-1093-gadecf4124d (webtiles) character file.

Game seed: 17572141060066424757

61 Ivernyr the Shield-Bearer (level 4, 30/37 HPs)
             Began as a Formicid Fighter on Nov 29, 2023.
             Got out of the dungeon alive.
             The game lasted 00:02:29 (1063 turns).

Ivernyr the Shield-Bearer (Formicid Fighter)        Turns: 1063, Time: 00:02:30

Health: 30/37      AC:  7    Str: 22    XL:     4   Next: 27%
Magic:  4/4        EV:  9    Int:  8    God:
Gold:   72         SH:  5    Dex: 13    Spells: 3/3 levels left

rFire   . . .        a - +0 quarterstaff
rCold   . . .        c - +0 buckler
rNeg    . . .        b - +0 scale mail
rPois   .            (helmet unavailable)
rElec   .            (no cloak)
rCorr   .            (no gloves)
SInv    +            (no boots)
Will    .....        (no amulet) Stlth
                     (no ring)
HPRegen 0.26/turn    (no ring)
MPRegen 0.09/turn

%: no passive effects
@: no status effects
A: permanent stasis, dig shafts and tunnels, antennae 3, four strong arms
a: Dig, Shaft Self


You escaped.
You visited 1 branch of the dungeon, and saw 2 of its levels.

You collected 72 gold pieces.

Inventory:

Hand Weapons
 a - a +0 quarterstaff (weapon)
Armour
 b - a +0 scale mail (worn)
 c - a +0 buckler (worn)
Wands
 j - a wand of charming (9)
Scrolls
 e - a scroll of blinking {unknown}
 g - a scroll of teleportation {unknown}
 h - a scroll of vulnerability {unknown}
 i - 2 scrolls of noise {unknown}
Potions
 d - a potion of might
 f - a potion of degeneration {unknown}
 k - a potion of resistance {unknown}
 l - a potion of curing {unknown}


   Skills:
 + Level 3.8 Fighting
 * Level 3.0 Staves
 + Level 3.7 Armour
 + Level 4.5 Shields


You had 3 spell levels left.
You didn't know any spells.
Your spell library was empty.

Dungeon Overview and Level Annotations

Branches:
Dungeon (2/15)

Altars:


Innate Abilities, Weirdness & Mutations

You cannot be hasted, slowed, berserked, paralysed or teleported.
You can dig through walls and to a lower floor.
You have a pair of large antennae on your head. (SInv)
Your four strong arms can wield two-handed weapons with a shield.


Message History

The hobgoblin goes into a battle-frenzy!
You see here a +0 club.
You barely miss Robin.
Robin is moderately wounded.
Robin hits you but does no damage.
You sock Robin!
Robin is severely wounded.
Robin hits you but does no damage. Robin closely misses you.
You barely miss Robin.
Robin is severely wounded.
Robin hits you with a +0 falchion.
You hit Robin.
Robin is almost dead.
Robin hits you but does no damage.
You hit Robin.
You kill Robin!
Your Staves skill increases to level 3!
You completely miss the hobgoblin. The hobgoblin hits you. x2
* * * LOW HITPOINT WARNING * * *
You hit the hobgoblin.
You kill the hobgoblin!
Items here: ))) [[ ††.
Things that are here:
a +0 club; a goblin corpse What level of the Dungeon? (default 2, ? - help)
Things that are here:
a +0 club; a goblin corpse
Items here: ))) [[ ††.
You see here a +0 club.
Things that are here:
a +0 dagger; a +0 sling
There is a stone staircase leading up here.
You climb upwards.
There is a stone staircase leading down here.
Things that are here:
a staff of earth; a +0 chain mail You enter the shallow water.
Moving in this stuff is going to be slow.
There is a staircase leading out of the dungeon here.
You have escaped!

#### ...#
##############
##.#
#~P~.........#
##.#
#PP~##.###.@.#
##.# #P~P##.#
#...# ##.#
#.##PPP# ###.#
##.# #.##P~~#
#.# ##.#
#...~P~#####.#
##.#
#.#####~PP...#
#.# #.#
#PP~##.#
##.###.###
#~~P##.#
.....#...#
#.##PP~#


There were no monsters in sight!

Vanquished Creatures
  Robin (D:2)
  An adder (D:2)
  A dart slug (D:2)
  3 ball pythons (D:1)
  An endoplasm (D:1)
  2 giant cockroaches (D:1)
  9 goblins
  4 hobgoblins
  A kobold (D:1)
  2 quokkas (D:1)
  4 bats (D:1)
  4 frilled lizards
  4 rats
37 creatures vanquished.

Notes
Turn   | Place    | Note
-------+----------+-------------------------------------------
     0 | D:1      | Ivernyr the Formicid Fighter began the quest for the Orb.
     0 | D:1      | Reached XP level 1. HP: 18/18 MP: 1/1
   107 | D:1      | Reached XP level 2. HP: 21/24 MP: 2/2
   586 | D:1      | Reached XP level 3. HP: 29/29 MP: 3/3
   944 | D:2      | Noticed Robin
   973 | D:2      | Reached XP level 4. HP: 15/37 MP: 4/4
   978 | D:2      | Killed Robin
  1063 | D:$      | Got out of the dungeon alive.

Illustrated notes

Levels and vault maps discovered:
D:1:      psy_arrival_conway, layout_loops_ring
D:2:      wad_lake_hut, layout_basic, minmay_3d_cube, uniq_sigmund, uniq_robin

Skill      XL: |  1  2  3  4 |
---------------+-------------+-----
Staves         | 3 |  3.0
Fighting       | |  3.8
Armour         | |  3.7
Shields        | |  4.5

Action                     |  1- 3 |  4- 6 || total
---------------------------+-------+-------++-------
  Melee: Quarterstaff      |    92 |     7 ||    99
 Armour: Scale mail        |    68 |     6 ||    74
  Dodge: Dodged            |    45 |     1 ||    46
  Block: Buckler           |    29 |       ||    29

Table legend: (Time is in decaauts)
 A = Elapsed time spent in this place.
 B = Non-inter-level travel time spent in this place.
 C = Inter-level travel time spent in this place.
 D = Time resting spent in this place.
 E = Time spent auto-exploring this place.
 F = Levels seen in this place.
 G = Mean time per level.
                   A        B        C        D        E       F      G
               +--------+--------+--------+--------+--------+-----+--------+
         Total |   1086 |    972 |    114 |      0 |    689 |   2 |  543.0 |
       Dungeon |   1086 |    972 |    114 |      0 |    689 |   2 |  543.0 |
               +--------+--------+--------+--------+--------+-----+--------+

Top non-repeatable levels by time:
     D:1: 943 daAuts
     D:2: 143 daAuts
